 Dungeon Crawl Stone Soup version 0.18-a0-619-g89c329e (webtiles) character file.

12824 Duffy the Cleaver (level 11, -4/58 HPs)
             Began as a Vine Stalker Fighter on Dec 4, 2015.
             Was an Elder of Makhleb.
             Killed by divine providence
             ... invoked by an orc priest
              (11 damage)
             ... on level 12 of the Dungeon.
             The game lasted 00:13:39 (7986 turns).

Duffy the Cleaver (Vine Stalker Fighter)            Turns: 7986, Time: 00:13:39

Health: -4/58      AC: 22    Str: 21    XL:     11   Next: 99%
Magic:  0/17       EV:  8    Int:  8    God:    Makhleb [****..]
Gold:   414        SH:  0    Dex: 15    Spells: 0 memorised, 10 levels left

rFire  . . .     SeeInvis .     H - +2 war axe (flame)
rCold  . . .     Clarity  .     a - +0 plate armour
rNeg   . . .     SustAt   .     (no shield)
rPois  +         Gourm    .     J - +2 hat {MR+}
rElec  .         Spirit   +     v - +2 cloak
rCorr  .         Dismiss  .     p - +2 pair of gloves
rMut   .         Stasis   .     E - +0 pair of boots
MR     ++...                    (no amulet)
Stlth  ..........               (no ring)
                                N - ring of poison resistance

@: very resistant to hostile enchantments, extremely unstealthy
A: fangs 3, regeneration 2, magic shield, antimagic bite, no device heal 3, rot
immunity
a: Minor Destruction, Lesser Servant of Makhleb, Major Destruction, Renounce
Religion


You were on level 12 of the Dungeon.
You worshipped Makhleb.
Makhleb was greatly pleased with you.
You were not hungry.

You visited 2 branches of the dungeon, and saw 13 of its levels.
You also visited: Ossuary.

You collected 563 gold pieces.
You spent 149 gold pieces at shops.


Innate Abilities, Weirdness & Mutations

You have razor-sharp teeth.
You heal very quickly.
When hurt, damage is shared between your health and your magic reserves.
Your bite disrupts and absorbs the magic of your enemies.
Potions and wands cannot restore your health.
You are immune to rotting.


   Skills:
 - Level 6.7 Fighting
 + Level 12.5 Axes
 - Level 6.2 Armour
 - Level 4.4 Dodging
 - Level 2.6 Shields
 + Level 6.7 Invocations


You had 10 spell levels left.
You didn't know any spells.

Inventory:

Hand Weapons
 C - a +0 blowgun
 H - a +2 war axe of flaming (weapon)
 O - a +0 battleaxe
Missiles
 k - 58 poisoned needles
Armour
 a - a +0 plate armour (worn)
 c - a +0 shield
 p - a +2 pair of gloves (worn)
 v - a +2 cloak (worn)
 E - a +0 pair of boots (worn)
 J - a +2 hat of magic resistance (worn)
Jewellery
 N - a ring of poison resistance (left hand)
Wands
 n - a wand of frost (18)
 y - a wand of polymorph (24)
 K - a wand of digging (11)
Scrolls
 b - 2 scrolls of fog
 g - a scroll of noise {unknown}
 i - 4 scrolls of blinking
 j - 5 scrolls of remove curse
 l - 3 scrolls of fear
 o - 2 scrolls of enchant armour
 s - 2 scrolls of teleportation
 w - 2 scrolls of recharging
 F - a scroll of immolation {unknown}
 L - 2 scrolls of random uselessness {unknown}
 Q - a scroll of vulnerability {unknown}
 R - a scroll of brand weapon {unknown}
Potions
 d - 3 potions of might
 h - a potion of brilliance {unknown}
 m - a potion of resistance
 r - 2 potions of curing
 x - a potion of agility {unknown}
 z - a potion of ambrosia
 A - a potion of haste
 B - 2 potions of berserk rage
 I - a potion of lignification
 M - a potion of mutation {unknown}
 P - 2 potions of heal wounds {unknown}
Miscellaneous
 u - a fan of gales
Comestibles
 e - 5 bread rations
 f - 2 slices of pizza
 q - 8 meat rations
 t - a royal jelly
 D - 5 beef jerkies
 G - 12 fruits
 S - 13 chunks of flesh

Dungeon Overview and Level Annotations

Branches:
Dungeon (12/15)            Temple (1/1) D:7            Lair (0/8) D:11
    Orc (0/4) D:12

Altars:
Ashenzari
Cheibriados
Dithmenos
Elyvilon
Fedhas
Gozag
Kikubaaqudgha
Makhleb
Nemelex Xobeh
Okawaru
Pakellas
Qazlal
Ru
Sif Muna
Trog
Vehumet
Xom
Yredelemnul
Zin
The Shining One
Beogh

Shops:
D:4 :   D:7 [*

Annotations:
D:10 benitares's ghost, journeyman DrTm


Message History

You are too injured to fight recklessly!
You are too injured to fight recklessly!
You are too injured to fight recklessly!
You are too injured to fight recklessly!
You are too injured to fight recklessly!
You are too injured to fight recklessly!
You are too injured to fight recklessly!
You are too injured to fight recklessly!
You are too injured to fight recklessly!
You are too injured to fight recklessly!
You are too injured to fight recklessly!
You are too injured to fight recklessly!
You are too injured to fight recklessly!
You hit something but do no damage. Your bite misses something.
You slash the orc warrior! You burn the orc warrior.
The orc warrior is heavily wounded.
You miss the orc wizard.
The orc wizard is heavily wounded.
The orc warrior hits you with a broad axe.
You hear some strange, mumbled words.
A puff of flame appears from out of thin air!
The puff of flame hits you! The orc wizard closely misses you.
You slash something! You burn something. Makhleb accepts your kill.
Reactivating autopickup.
You feel a bit more experienced.
Your plate armour prevents you from hitting the orc warrior.
The orc warrior is heavily wounded.
You hit the orc wizard. You burn the orc wizard.
The orc wizard is severely wounded.
The orc priest invokes the aid of Beogh against you.
Something smites you!
The orc priest invokes the aid of Beogh against you.
Something smites you!
You die...

#### ...# #########
...# #.......# ...
...# #.......#### ....
...# #####.....>oo..#
..... ...#
#...'.....)o##.##
.....
...###.###.....o@##..#
##..... ...'...#
#.......##.o##.......
...#####
#.......##........$..
...#
#.......##...>.....[.
#'##
#.......##..o{..####+
..# #.......###8o..8#
.## ####..#####
###'### ####
#.....YY.Y# ..o ...#
#####.###### ...o.


You could see an orc warrior, 2 orc priests and an orc wizard.

Action                   |  1- 3 |  4- 6 |  7- 9 | 10-12 || total
-------------------------+-------+-------+-------+-------++-------
Melee: War axe           |    92 |   119 |   336 |   356 ||   903
  Use: Potion            |       |       |     2 |     2 ||     4
       Scroll            |       |       |    13 |     4 ||    17
  Eat: Chunk             |     2 |     2 |    12 |     8 ||    24

Notes
Turn   | Place    | Note
--------------------------------------------------------------
     0 | D:1      | Duffy the Vine Stalker Fighter began the quest for the Orb.
     0 | D:1      | Reached XP level 1. HP: 11/11 MP: 2/2
    64 | D:1      | Reached skill level 2 in Axes
   230 | D:1      | Reached XP level 2. HP: 16/16 MP: 3/3
   323 | D:1      | Reached skill level 3 in Axes
   495 | D:1      | Reached XP level 3. HP: 19/19 MP: 4/4
  1012 | D:2      | Found a blossoming altar of Fedhas.
  1394 | D:3      | Noticed Natasha
  1395 | D:3      | Found a shadowy altar of Dithmenos.
  1397 | D:3      | Found a bloodstained altar of Trog.
  1400 | D:3      | Killed Natasha
  1400 | D:3      | Reached skill level 4 in Axes
  1400 | D:3      | Reached XP level 4. HP: 12/23 MP: 3/5
  1401 | D:3      | Found a radiant altar of Vehumet.
  1533 | D:3      | Noticed benitares's ghost (amateur DrTm)
  1549 | D:3      | Killed benitares's ghost
  1549 | D:3      | Reached skill level 5 in Axes
  1549 | D:3      | Reached XP level 5. HP: 4/27 MP: 6/6
  1785 | D:3      | Noticed Natasha
  1795 | D:3      | Killed Natasha
  1824 | D:3      | Gained mutation: You heal very quickly. [Vine Stalker growth]
  1824 | D:3      | Reached XP level 6. HP: 15/32 MP: 7/7
  2012 | D:3      | Noticed Natasha
  2015 | D:3      | Killed Natasha
  2113 | D:4      | Found Zupsuzya's Book Emporium.
  2201 | D:4      | Found a sacrificial altar of Ru.
  2255 | D:4      | Reached skill level 6 in Axes
  2261 | D:4      | Found a sand-covered staircase.
  2271 | Ossuary  | Entered an ossuary
  2299 | Ossuary  | Reached XP level 7. HP: 22/35 MP: 8/8
  2645 | D:4      | Reached skill level 7 in Axes
  2893 | D:5      | Entered Level 5 of the Dungeon
  3210 | D:5      | Reached skill level 8 in Axes
  3293 | D:5      | Gained mutation: You have razor-sharp teeth. [Vine Stalker growth]
  3293 | D:5      | Reached XP level 8. HP: 28/39 MP: 7/9
  3355 | D:5      | Found a sparkling altar of Nemelex Xobeh.
  3356 | D:5      | Found an opulent altar of Gozag.
  3517 | D:5      | Reached skill level 3 in Fighting
  3594 | D:6      | Reached skill level 3 in Armour
  3670 | D:6      | Reached skill level 9 in Axes
  3705 | D:6      | Noticed Menkaure
  3713 | D:6      | Killed Menkaure
  3937 | D:7      | Found a staircase to the Ecumenical Temple.
  3953 | Temple   | Entered the Ecumenical Temple
  4023 | Temple   | Became a worshipper of Makhleb the Destroyer
  4058 | D:7      | Reached skill level 4 in Fighting
  4058 | D:7      | Reached XP level 9. HP: 3/45 MP: 2/10
  4151 | D:7      | Found Dobuw's Assorted Antiques.
  4158 | D:7      | Bought a scroll labeled QEZ AV NUTZ for 25 gold pieces
  4158 | D:7      | Bought a scroll labeled XUNUGH WOURCHI for 25 gold pieces
  4255 | D:7      | Found Xuppec's Antique Armour Emporium.
  4258 | D:7      | Bought an embroidered cloak for 99 gold pieces
  4417 | D:7      | Reached skill level 4 in Armour
  4422 | D:7      | Found a roughly hewn altar of Beogh.
  4547 | D:7      | Reached skill level 10 in Axes
  4605 | D:7      | Reached * piety under Makhleb
  4779 | D:7      | Reached skill level 1 in Dodging
  4931 | D:7      | Found an ancient bone altar of Kikubaaqudgha.
  5535 | D:9      | Found a deep blue altar of Sif Muna.
  5572 | D:9      | Reached skill level 5 in Fighting
  5595 | D:9      | Reached skill level 2 in Dodging
  5685 | D:9      | Found an oddly glowing altar of Pakellas.
  5729 | D:9      | Reached XP level 10. HP: 51/51 MP: 8/11
  5733 | D:9      | Reached skill level 5 in Armour
  5829 | D:9      | Reached skill level 3 in Dodging
  5865 | D:9      | Reached ** piety under Makhleb
  6245 | D:9      | Reached skill level 6 in Fighting
  6484 | D:9      | Noticed Gastronok
  6524 | D:9      | Killed Gastronok
  6524 | D:9      | Reached skill level 11 in Axes
  6524 | D:9      | Reached skill level 6 in Armour
  6524 | D:9      | Reached skill level 4 in Dodging
  6685 | D:10     | Entered Level 10 of the Dungeon
  6690 | D:10     | Reached XP level 11. HP: 58/58 MP: 12/12
  6727 | D:10     | Noticed benitares's ghost (journeyman DrTm)
  6849 | D:10     | Reached *** piety under Makhleb
  6969 | D:10     | Reached skill level 1 in Invocations
  7047 | D:11     | Reached skill level 2 in Invocations
  7088 | D:11     | Noticed a death yak
  7106 | D:11     | Killed a death yak
  7106 | D:11     | Reached skill level 3 in Invocations
  7147 | D:11     | Found a staircase to the Lair.
  7289 | D:11     | Reached skill level 4 in Invocations
  7350 | D:11     | Reached **** piety under Makhleb
  7605 | D:12     | Found a shadowy altar of Dithmenos.
  7695 | D:12     | Reached skill level 12 in Axes
  7695 | D:12     | Reached skill level 5 in Invocations
  7748 | D:12     | Noticed a hill giant
  7757 | D:12     | Killed a hill giant
  7811 | D:12     | Noticed a hill giant
  7829 | D:12     | Reached skill level 6 in Invocations
  7841 | D:12     | Killed a hill giant
  7925 | D:12     | Found a staircase to the Orcish Mines.
  7963 | D:12     | Found a roughly hewn altar of Beogh.
  7986 | D:12     | Killed from afar by an orc priest

Vault maps used:
D:1:      dpeg_arrival_radiant, st_stairs_5, minmay_misc_feat_enclosed,
          minmay_misc_feat_room
D:2:      first_bread, fedhas_altar_1
D:3:      corexii_shack_village, grunt_temple_overflow_open, uniq_natasha
D:4:      nicolae_ru_awakened_eye, nicolae_ossuary_entry_giza, serial_shops,
          nicolae_shop_behind_doors
D:5:      grunt_temple_overflow_opulence, grunt_ministairs_4,
          serial_park_tiny_pond, minmay_ogre_servants
D:6:      lemuel_ice_spiral_2, serial_bayou, serial_bayou_shore_b,
          serial_bayou_shore_b, serial_bayou_pond_b, serial_bayou_lake_a,
          uniq_menkaure
D:7:      lemuel_upstairs_altar, temple_green, serial_shops, shop,
          kennysheep_mini, david_defended_altar_orc
D:9:      grunt_pakellas_basics, nicolae_overflow_crystal_walls, uniq_gastronok
D:10:     serial_shops, shop
D:11:     david_lair_generic
D:12:     minmay_orc_entry_temple_small, hangedman_ranch,
          grunt_dithmenos_smoke_and_mirrors
Temple:   nicolae_temple_x_marks_the_god
Ossuary:  ossuary_minmay_tomb_2a

Vanquished Creatures
  Gastronok
  A death yak
  2 hill giants
  A wolf spider zombie
  2 centaur zombies
  An elephant
  3 trolls
  3 hippogriffs
  A deep elf mage
  A wyvern
  8 yaks
  The ghost of benitares the Changer, an amateur DrTm
  A steam dragon Menkaure
  A necrophage
  4 orc warriors
  A black bear
  An ice beast
  9 ogres
  A wasp
  3 sky beasts
  A centaur
  4 crocodiles
  2 big kobolds
  An elf zombie
  3 giant frogs
  2 scorpions
  9 wights
  3 jellies
  8 killer bees
  4 crimson imps
  11 orc priests
  A human zombie
  4 centaur skeletons
  9 hounds
  3 giant frog skeletons
  6 worker ants
  Natasha (thrice)
  8 orc wizards
  2 hound zombies
  5 mummies
  3 worker ant zombies
  6 adders
  4 gnolls
  3 shadow imps
  3 adder zombies
  2 adder skeletons
  A worm
  2 giant geckos
  36 orcs
  3 giant cockroaches
  15 goblins
  6 hobgoblins
  21 kobolds
  5 quokkas
  A ball python
  5 bats
  A giant gecko skeleton
  3 giant newts
  A hobgoblin zombie
  10 jackals
  A jackal zombie
  5 kobold zombies
  2 orc zombies
  6 rats
281 creatures vanquished.
